 Dungeon Crawl Stone Soup version 0.28.0-53-g5a82cb258f (webtiles) character file.

Game seed: 10707039188607745004

66 Nyth the Ruffian (level 3, -1/28 HPs)
             Began as a Draconian Transmuter on Aug 4, 2022.
             Was a Believer of Qazlal.
             Slain by Jessica
             ... wielding a +0 club
              (7 damage)
             ... on level 2 of the Dungeon.
             The game lasted 00:13:02 (2187 turns).

Nyth the Ruffian (Draconian Transmuter)             Turns: 2187, Time: 00:13:02

Health: -1/28      AC:  5    Str: 12    XL:     3   Next: 96%
Magic:  5/6        EV: 12    Int: 15    God:    Qazlal [**....]
Gold:   40         SH:  2    Dex: 11    Spells: 5/6 levels left

rFire   x x .      SeeInvis .     - Unarmed
rCold   + + .      Faith    .   l - orb {mayhem}
rNeg    . . .      Spirit   .   (armour unavailable)
rPois   .          Reflect  .   (helmet currently unavailable)
rElec   .          Harm     .   (no cloak)
rCorr   .          Rampage  .   (no gloves)
Will    .....                   (boots currently unavailable)
Stlth   +.........              (no amulet)
HPRegen 0.09/turn               i - ring of ice
MPRegen 0.10/turn               k - ring of ice

@: appendages (expiring)
A: horns 2, talons 2, AC +5, unfitting armour, cold-blooded
a: End Transformation, Renounce Religion, Upheaval


You were on level 2 of the Dungeon.
You worshipped Qazlal.
Qazlal was pleased with you.
You had temporarily grown beastly horns and talons.
You visited 1 branch of the dungeon, and saw 2 of its levels.

You collected 40 gold pieces.

Inventory:

Hand Weapons
 f - a +1 falchion
 g - a +1 short sword of draining
 h - a +0 dagger
 m - a +0 short sword
 p - a +0 trident
Missiles
 a - 22 arrows
 e - 24 stones
Armour
 b - a +0 chain mail
 c - a +0 ring mail
 d - a +0 cloak
 l - an orb of mayhem (worn)
Jewellery
 i - a ring of ice (left hand)
 k - a ring of ice (right hand)
Potions
 o - a potion of resistance {unknown}


   Skills:
 + Level 1.1 Fighting
 + Level 2.1 Dodging
 + Level 0.5 Stealth
 + Level 3.8 Unarmed Combat
 + Level 2.4 Spellcasting
 + Level 2.6 Transmutations


You had 5 spell levels left.
You knew the following spells:

 Your Spells              Type           Power      Damage    Failure   Level
a - Beastly Appendage     Tmut           18%        N/A       7%          1

Your spell library contained the following spells:

 Spells                   Type           Power      Damage    Failure   Level
 Wereblood                Tmut           9%         N/A       11%         2
 Passwall                 Tmut/Erth      4%         N/A       19%         2
 Ensorcelled Hibernation  Hex/Ice        8%         N/A       32%         2
 Spider Form              Tmut/Pois      5%         N/A       36%         3
 Swiftness                Air            1%         N/A       54%         3
 Ice Form                 Ice/Tmut       13%        N/A       77%         4


Dungeon Overview and Level Annotations

Branches:
Dungeon (2/15)

Altars:
Qazlal

Shops:
D:2 =

Annotations:
D:2 Jessica


Innate Abilities, Weirdness & Mutations

You have temporarily grown beastly horns and talons.
Your plain brown scales are hard. (AC +5)
You cannot fit into any form of body armour.
You are cold-blooded and may be slowed by cold attacks.


Message History

Casting: Beastly Appendage (safe; 7% risk of failure)
Press: ? - help, Q - select action, (/) - cycle Dir - look around, f - activate You grow a pair of large bovine horns.
Your feet morph into talons.
Jessica casts a spell.
Jessica blinks!
The kobold hits you with a +0 whip.
You hit the kobold.
You kill the kobold!
Qazlal accepts your kill.
The goblin flies into a frenzy!
You hit the goblin but do no damage. The goblin hits you with a +0 club.
You closely miss the goblin. Your kick misses the goblin.
The goblin hits you with a +0 club.
You hit the goblin but do no damage. You headbutt the goblin.
The goblin is moderately wounded.
Your transformation is almost over.
The goblin hits you with a +0 club. The goblin hits you but does no damage.
You barely miss the goblin. Your headbutt misses the goblin.
The goblin is moderately wounded.
The goblin hits you with a +0 club.
You punch the goblin!
You kill the goblin!
Qazlal accepts your kill.
You can now call upon nature to destroy your foes.
Jessica flies into a frenzy!
Your magical contamination has completely faded away.
You barely miss Jessica. Jessica hits you with a +0 club.
Jessica barely misses you.
You are too injured to fight recklessly!
You are too injured to fight recklessly!
You are too injured to fight recklessly!
You are too injured to fight recklessly!
You are too injured to fight recklessly!
You are too injured to fight recklessly!
You hit Jessica but do no damage. You claw Jessica, but do no damage.
Jessica hits you with a +0 club!
* * * LOW HITPOINT WARNING * * *
You hit Jessica but do no damage. You tail-slap Jessica.
Jessica is moderately wounded.
Jessica hits you with a +0 club!
You die...

*<*#####.....#
*,,,........######
*,**####.>#..)...#
**,*****#..######.#
,,,,,,,....*****#.#
**,***##...,,,,*#.#
,,,* ##.,**#,*#.##
,*,* *..###.##..###
,*,******......)@@...#
,,,,,,,,,.#.##.###.#.#
,*,,,,,,,,,,,#,***.#.#
,********,*,,,,,**.#,#
,* **,,,,,*,*,*.#,* ,*
***,,*,,,*,**,.#,* ,*
*,,,***,,*,,*,.#,* ,*
*,*,,*,,**,,,,.#,*
,****,**,,,,,,**,,,*,*


You could see the neutral Jessica (fast, strong, insane).

Vanquished Creatures
  An adder (D:2)
  A dart slug (D:2)
  3 ball pythons
  3 endoplasms (D:1)
  5 giant cockroaches
  4 goblins
  4 hobgoblins (D:1)
  7 jackals
  7 kobolds
  3 quokkas
  3 bats (D:1)
  3 frilled lizards
  3 rats (D:1)
47 creatures vanquished.

Vanquished Creatures (collateral kills)
  A jackal (D:2)
1 creature vanquished.

Grand Total: 48 creatures vanquished

Notes
Turn   | Place    | Note
-------+----------+-------------------------------------------
     0 | D:1      | Nyth the Draconian Transmuter began the quest for the Orb.
     0 | D:1      | Reached XP level 1. HP: 16/16 MP: 3/3
   376 | D:1      | Reached XP level 2. HP: 18/23 MP: 5/5
   751 | D:1      | Found a faded altar of an unknown god.
   881 | D:1      | Prayed at the altar of an unknown god.
   881 | D:1      | Became a worshipper of Qazlal Stormbringer
   881 | D:1      | Reached * piety under Qazlal
  1257 | D:1      | Reached XP level 3. HP: 22/28 MP: 4/6
  1957 | D:2      | Found Duido's Jewellery Shop.
  2177 | D:2      | Noticed Jessica
  2184 | D:2      | Reached ** piety under Qazlal
  2187 | D:2      | Slain by Jessica

Illustrated notes

Levels and vault maps discovered:
D:1:      minmay_arrival_solitary_statue, layout_basic,
          shapermc_ecumenical_altar_notcrosses, minmay_tetromino_o2
D:2:      layout_loops_ring, serial_shops, shop, kennysheep_donut,
          kennysheep_nondescript, uniq_jessica

Skill      XL: |  1  2 |
---------------+-------+-----
Dodging        | 2 |  2.1
Fighting       | |  1.1
Stealth        | |  0.5
Unarmed Combat | |  3.8
Spellcasting   | |  2.4
Transmutations | |  2.6

Action                   || total
-------------------------++-------
Melee: Unarmed           ||   136
       Tailslap          ||    14
       Headbutt          ||     9
       Kick              ||    17
 Cast: Beastly Appendage ||    20
  Use: Scroll            ||     2
 Stab: Sleeping          ||     1
Armor: Skin              ||    50
Dodge: Dodged            ||    90
Block: Other             ||     2
       Orb               ||     7
